 Dungeon Crawl Stone Soup version 0.27.1-33-g824d729ab1 (webtiles) character file.

Game seed: 14089847600008853922

45 lordive the Shooter (level 3, -4/30 HPs)
             Began as a Minotaur Hunter on Dec 27, 2021.
             Slain by a gnoll (8 damage)
             ... on level 2 of the Dungeon.
             The game lasted 00:01:44 (1263 turns).

lordive the Shooter (Minotaur Hunter)               Turns: 1263, Time: 00:01:44

Health: -4/30      AC:  3    Str: 16    XL:     3   Next: 42%
Magic:  2/2        EV: 11    Int:  8    God:
Gold:   65         SH:  0    Dex: 11    Spells: 2/2 levels left

rFire    . . .     SeeInvis .   a - +1 shortbow
rCold    . . .     Faith    .   (shield currently unavailable)
rNeg     . . .     Spirit   .   c - +0 leather armour
rPois    .         Reflect  .   (helmet restricted)
rElec    .         Harm     .   (no cloak)
rCorr    .         Rampage  .   (no gloves)
Will     .....                  (no boots)
Stlth    +.........             (no amulet)
HPRegen  0.10/turn              (no ring)
MPRegen  0.08/turn              (no ring)

@: no status effects
A: horns 2, retaliatory headbutt
a: no special abilities


You were on level 2 of the Dungeon.
You visited 1 branch of the dungeon, and saw 2 of its levels.

You collected 65 gold pieces.

Inventory:

Hand Weapons
 a - a +1 shortbow (weapon)
 b - a +0 short sword
Missiles
 d - 14 arrows (quivered ammo)
Armour
 c - a +0 leather armour (worn)
Scrolls
 e - 3 scrolls of identify {unknown}
 f - a scroll of enchant armour {unknown}
 h - a scroll of brand weapon {unknown}
 i - a scroll of amnesia {unknown}
Potions
 g - a potion of attraction {unknown}
 j - a potion of heal wounds {unknown}


   Skills:
 + Level 2.6 Fighting
 + Level 5.5 Bows
 + Level 0.3 Armour
 + Level 2.2 Dodging
 + Level 0.8 Stealth


You had 2 spell levels left.
You didn't know any spells.
Your spell library was empty.

Dungeon Overview and Level Annotations

Branches:
Dungeon (2/15)

Altars:

Shops:
D:1 :


Innate Abilities, Weirdness & Mutations

You have a pair of horns on your head.
You reflexively headbutt those who attack you in melee.


Message History

The gnoll is severely wounded.
Fire: 20 arrows
Press: ? - help, Q - select action Shift-Dir - straight line, f/p - gnoll
Aim: a gnoll, wielding a +0 flail (severely wounded, 64% to hit)
You shoot an arrow. The arrow closely misses the gnoll.
The arrow barely misses the gnoll.
The gnoll barely misses you. You furiously retaliate!
You headbutt the gnoll.
Fire: 19 arrows
Press: ? - help, Q - select action Shift-Dir - straight line, f/p - gnoll
Aim: a gnoll, wielding a +0 flail (almost dead, 64% to hit)
You shoot an arrow. The arrow hits the gnoll!
You kill the gnoll!
Unknown command.
Fire: 18 arrows
Press: ? - help, Q - select action Shift-Dir - straight line, f - gnoll
Aim: a gnoll, wielding a +0 club (lightly wounded, 64% to hit)
You shoot an arrow. The arrow hits the gnoll.
The gnoll is lightly wounded.
The gnoll hits you with a +0 club.
* * * LOW HITPOINT WARNING * * *
Fire: 17 arrows
Press: ? - help, Q - select action Shift-Dir - straight line, f/p - gnoll
Aim: a gnoll, wielding a +0 club (lightly wounded, 64% to hit)
You shoot an arrow. The arrow barely misses the gnoll.
The gnoll hits you with a +0 club.
* * * LOW HITPOINT WARNING * * *
Fire: 16 arrows
Press: ? - help, Q - select action Shift-Dir - straight line, f/p - gnoll
Aim: a gnoll, wielding a +0 club (lightly wounded, 64% to hit)
You shoot an arrow. The arrow barely misses the gnoll.
The gnoll closely misses you. x2; You furiously retaliate!
You headbutt the gnoll.
Fire: 15 arrows
Press: ? - help, Q - select action Shift-Dir - straight line, f/p - gnoll
Aim: a gnoll, wielding a +0 club (moderately wounded, 64% to hit)
You shoot an arrow.
The arrow hits the gnoll but does no damage.
The gnoll is moderately wounded.
The gnoll hits you with a +0 club!
You die...

########### .#
###.##.##..... ##.#
....#...#.##.# ##
#######..#####.......#...
.#
#............>.#.........
.#
#.#####.######.##..##....
.# #.# #.# #.....####..#
.# #.# #.# #.##..####...
.# #.#
#.#####.#...)##..## .#
#.# #.@g)((..(........#
.# #.#
######..#...#...... .#
#.# #..##.##.#...#
.########.#
#...g.g..##.##
..........#
#........g.(..
###########
##############


You could see a gnoll.

Vanquished Creatures
  3 gnolls (D:2)
  2 endoplasms
  A giant cockroach (D:2)
  2 goblins (D:1)
  2 hobgoblins (D:1)
  A quokka (D:1)
  4 bats
15 creatures vanquished.

Notes
Turn   | Place    | Note
-------+----------+-------------------------------------------
     0 | D:1      | lordive the Minotaur Hunter began the quest for the Orb.
     0 | D:1      | Reached XP level 1. HP: 18/18 MP: 0/0
   300 | D:1      | Found Tuopu's Book Boutique.
   416 | D:1      | Reached XP level 2. HP: 25/25 MP: 1/1
   756 | D:2      | Reached skill level 5 in Bows
  1257 | D:2      | Reached XP level 3. HP: 8/30 MP: 2/2
  1263 | D:2      | Slain by a gnoll

Illustrated notes

Levels and vault maps discovered:
D:1:      saegor_arrival_simple_e, layout_loops_cross, serial_shops, shop
D:2:      layout_basic, dilly_ecumenical_altar_fadedgnrine, basic_altar,
          hangedman_decor_clover_reticule

Skill      XL: |  1  2 |
---------------+-------+-----
Bows           | 5 |  5.5
Fighting       | |  2.6
Armour         | |  0.3
Dodging        | |  2.2
Stealth        | |  0.8

Action                   || total
-------------------------++-------
 Fire: Shortbow          ||    51
Armor: Leather armour    ||     1
Dodge: Dodged            ||    11
